 Dungeon Crawl Stone Soup version 0.30.0-29-ga12c61a403 (webtiles) character file.

Game seed: 398143307593130591

12916 ChadusMaximus the Summoner (level 12, -5/90 HPs)
             Began as a Barachi Summoner on June 24, 2023.
             Was a Follower of Hepliaklqana.
             Slain by a skyshark (8 damage)
             ... on level 2 of the Lair of Beasts.
             The game lasted 00:22:07 (15570 turns).

ChadusMaximus the Summoner (Barachi Summoner)      Turns: 15570, Time: 00:22:07

Health: -5/90      AC:  6    Str: 12    XL:     12   Next: 0%
Magic:  9/24       EV: 29    Int: 19    God:    Hepliaklqana [*.....]
Gold:   636        SH:  0    Dex: 12    Spells: 17/27 levels left

rFire   + . .        D - +4 long sword (flame)
rCold   . . .        (no shield)
rNeg    . . .        l - +2 robe {Will+}
rPois   .            (no helmet)
rElec   .            J - +0 cloak
rCorr   .            Q - +0 pair of gloves
SInv    .            (no boots)
Will    ++...        v - amulet of the acrobat
Stlth   ++           s - ring of protection from fire
HPRegen 0.35/turn    F - ring of willpower
MPRegen 0.19/turn

%: acrobat
@: unable to hop, acrobatic, slow
A: reduced essence, amphibious, slowness 1, strong legs 1, +LOS
a: Hop, Renounce Religion, Recall Ancestor, Ancestor Identity


You were on level 2 of the Lair of Beasts.
You worshipped Hepliaklqana.
Hepliaklqana was aware of your devotion.
You visited 3 branches of the dungeon, and saw 13 of its levels.
You also visited: Sewer.

You collected 710 gold pieces.
You spent 74 gold pieces at shops.

Inventory:

Hand Weapons
 n - a +0 sling
 y - a +6 scimitar
 D - a +4 long sword of flaming (weapon)
 H - a +6 dire flail of protection
Armour
 l - a +2 robe of willpower (worn)
 m - a +2 ring mail of willpower
 p - a +0 kite shield
 J - a +0 cloak (worn)
 Q - a +0 pair of gloves (worn)
Jewellery
 s - a ring of protection from fire (left hand)
 v - an amulet of the acrobat (around neck)
 F - a ring of willpower (right hand)
 O - a +6 ring of dexterity
Wands
 g - a wand of charming (14)
 o - a wand of flame (50)
 G - a wand of digging (1)
 I - a wand of mindburst (7)
 K - a wand of iceblast (7)
Scrolls
 c - 2 scrolls of summoning
 h - 2 scrolls of fear
 i - 6 scrolls of amnesia
 j - 2 scrolls of fog
 k - 5 scrolls of teleportation
 q - 3 scrolls of enchant armour {unknown}
 r - 4 scrolls of immolation {unknown}
 u - 2 scrolls of silence {unknown}
 w - 4 scrolls of blinking {unknown}
 A - 3 scrolls of poison {unknown}
 B - 5 scrolls of magic mapping
 E - 3 scrolls of enchant weapon {unknown}
 M - a scroll of vulnerability {unknown}
 P - 3 scrolls of identify
Potions
 a - a potion of brilliance {unknown}
 b - 4 potions of magic
 d - 4 potions of attraction {unknown}
 e - 3 potions of lignification {unknown}
 f - 2 potions of curing
 t - 4 potions of ambrosia {unknown}
 z - a potion of resistance {unknown}
 C - 2 potions of mutation
 L - a potion of cancellation {unknown}
 N - a potion of might {unknown}


   Skills:
 * Level 11.0 Fighting
 + Level 7.7 Long Blades
 + Level 7.5 Dodging
 - Level 1.7 Stealth
 - Level 8.3 Spellcasting
 - Level 14.0 Summonings


You had 17 spell levels left.
You knew the following spells:

 Your Spells              Type           Power      Damage    Failure   Level
a - Summon Small Mammal   Summ           100%       N/A       1%          1
b - Call Canine Familiar  Summ           57%        N/A       1%          3
c - Call Imp              Summ           100%       N/A       1%          2
d - Summon Lightning Spi  Summ/Air       34%        N/A       4%          4

Your spell library contained the following spells:

 Spells                   Type           Power      Damage    Failure   Level
 Summon Guardian Golem    Hex/Summ       34%        N/A       1%          3
 Apportation              Tloc           14%        N/A       9%          1
 Necrotise                Necr           28%        1d5       9%          1
 Slow                     Hex            28%        N/A       9%          1
 Blink                    Tloc           14%        N/A       14%         2
 Confusing Touch          Hex            7%         N/A       26%         3
 Inner Flame              Hex/Fire       7%         N/A       26%         3
 Ozocubu's Armour         Ice            7%         N/A       26%         3
 Portal Projectile        Hex/Tloc       14%        N/A       26%         3
 Vampiric Draining        Necr           7%         2d6       26%         3
 Flame Wave               Conj/Fire      7%         2d5       65%         4
 Leda's Liquefaction      Hex/Erth       3%         N/A       65%         4
 Manifold Assault         Tloc           7%         N/A       65%         4
 Sticky Flame             Conj/Fire      7%         2d3       65%         4
 Blade Hands              Tmut           3%         N/A       94%         5
 Irradiate                Conj/Tmut      3%         3d12      94%         5
 Dragon Form              Tmut           3%         N/A       100%        7
 Ozocubu's Refrigeration  Ice            3%         4d8       100%        7
 Storm Form               Tmut/Air       3%         N/A       100%        7


Dungeon Overview and Level Annotations

Branches:
Dungeon (10/15)            Temple (1/1) D:7            Lair (2/5) D:8
  Sewer (visited)
  Swamp: Lair:2-3    Shoals: Lair:2-3     Snake: Lair:2-3    Spider: Lair:2-3
    Orc: D:9-12

Altars:
Ashenzari
Cheibriados
Dithmenos
Elyvilon
Fedhas
Gozag
Hepliaklqana
Kikubaaqudgha
Makhleb
Nemelex Xobeh
Okawaru
Qazlal
Ru
Sif Muna
Trog
Uskayaw
Vehumet
Wu Jian
Xom
Yredelemnul
Zin
The Shining One

Shops:
D:1 *


Innate Abilities, Weirdness & Mutations

Your life essence is reduced to manifest your ancestor. (-10% HP)
You are amphibious.
You cover ground slowly.
You can hop short distances.
You have an extended range of vision and can be seen from far away.


Message History

The skyshark bites you but does no damage.
The skyshark misses you. The skyshark tail-slaps you. The skyshark misses you.
The skyshark closely misses you. The skyshark tail-slaps you!
Your wolf bites the skyshark!
You barely miss the skyshark.
The skyshark is severely wounded.
Your wolf bites the skyshark.
The skyshark bites your wolf!
The skyshark completely misses your wolf.
The skyshark tail-slaps your wolf!
Your wolf dies!
Your wolf's corpse disappears in a puff of smoke!
Your lightning spire shoots out a bolt of lightning at the skyshark!
The bolt of electricity hits the skyshark!
The bolt of electricity hits the plant!
The plant begins to die.
Unknown command.
You hit the skyshark but do no damage.
The skyshark is almost dead.
The skyshark closely misses you. The skyshark tail-slaps you!
* * * LOW HITPOINT WARNING * * *
The skyshark tail-slaps you!
* * * LOW HITPOINT WARNING * * *
The skyshark misses you. The skyshark barely misses you.
The skyshark tail-slaps you.
* * * LOW HITPOINT WARNING * * *
Okay, then.
Okay, then.
Unknown command.
You closely miss the skyshark.
The skyshark is almost dead.
The skyshark misses you. The skyshark closely misses you. x2
Your lightning spire shoots out a bolt of lightning at the skyshark!
The bolt of electricity hits the skyshark!
The bolt of electricity hits the plant!
You hear an angry hiss.
The skyshark bites your lightning spire!
The skyshark tail-slaps your lightning spire. x2
Your lightning spire is destroyed!
Your lightning spire disappears in a puff of smoke!
The skyshark barely misses you. The skyshark tail-slaps you!
You die...

....>.. .#....#..##.... ##
......##..#......#....
#..# ........##...........
#.#. ....#......⌠.÷.⌠....
#...##...+........<......
.#....#..##......⌠...⌠....
..........#..##...........
.....#....#...#.##...##...
........§@.#.....#........
.#......l#.#.#.........#.
#............##......##..
#......##..†#####.+####..
##.?... ##...P# ##.. ##.
#..... ##...# . ## #.....
##P...### P....(.
#.....P.# #..P....
###.......#


You could see a skyshark (berserk).

Vanquished Creatures
  Joseph (D:8)
  2 cane toads
  3 komodo dragons
  2 rime drakes
  A polar bear (Lair:2)
  3 yaks
  A wyvern (Lair:1)
  A steam dragon (D:9)
  A vampire mosquito (D:9)
  A water moccasin (Lair:1)
  An orc warrior (D:9)
  A sky beast (D:6)
  A centaur (D:7)
  3 bullfrogs
  4 wights
  A killer bee (D:9)
  3 howler monkeys (D:9)
  A hound (D:5)
  2 jellies
  4 orc priests
  2 iguanas
  A sleepcap (D:8)
  A gnoll (D:9)
  3 adders
  A river rat (Sewer)
  A white imp (D:6)
  A worm (D:2)
  3 dart slugs
  6 orcs
  9 ball pythons
  6 bats
  3 endoplasms
  4 giant cockroaches
  9 goblins
  4 hobgoblins
  3 jackals (D:4)
  3 quokkas
  6 frilled lizards
  3 kobolds
  21 rats
127 creatures vanquished.

Vanquished Creatures (collateral kills)
  A boulder beetle (Lair:1)
  Amaemon (D:8)
  A black mamba (Lair:2)
  An orange demon (D:8)
  A komodo dragon (Lair:2)
  2 trolls (D:9)
  A polar bear (Lair:1)
  Grinder (D:4)
  Sigmund (D:5)
  7 yaks
  A vampire mosquito (D:9)
  Edmund (D:6)
  3 water moccasins
  Duvessa (D:7)
  An orc warrior (D:5)
  5 ice beasts (D:8)
  4 wolves (D:8)
  An ogre (D:4)
  2 sky beasts
  3 black bears
  A centaur (D:9)
  A phantom (D:5)
  Blork the orc (D:6)
  5 bullfrogs
  A scorpion (D:7)
  7 wights
  Dowan (D:7)
  5 killer bees (D:9)
  4 howler monkeys
  2 hounds
  A gnoll bouda (D:9)
  8 orc priests
  Crazy Yiuf (D:6)
  A jelly (D:8)
  8 orc wizards
  A sleepcap (D:7)
  3 iguanas
  8 gnolls
  9 adders
  4 river rats (Sewer)
  2 shadow imps
  5 white imps
  An ufetubus (D:5)
  A dart slug (D:4)
  25 orcs
  3 endoplasms
  A giant cockroach (D:6)
  2 hobgoblins (D:4)
  2 jackals (D:4)
  A quokka (D:5)
  9 ball pythons
  4 frilled lizards
  12 rats
179 creatures vanquished.

Vanquished Creatures (others)
  5 ancestors
5 creatures vanquished.

Grand Total: 311 creatures vanquished

Notes
Turn   | Place    | Note
-------+----------+-------------------------------------------
     0 | D:1      | ChadusMaximus the Barachi Summoner began the quest for the
                  | Orb.
     0 | D:1      | Reached XP level 1. HP: 13/13 MP: 3/3
    97 | D:1      | Reached skill level 5 in Summonings
   270 | D:1      | Reached XP level 2. HP: 19/19 MP: 5/5
   389 | D:1      | Found Jasatan's Assorted Antiques.
   552 | D:1      | You fall into a shaft and drop 1 floor!
   631 | D:2      | Reached XP level 3. HP: 24/24 MP: 7/7
  1711 | D:1      | Reached skill level 6 in Summonings
  1956 | D:1      | Bought an embroidered robe for 74 gold pieces
  2047 | D:2      | Learned a level 3 spell: Call Canine Familiar
  2050 | D:2      | Learned a level 2 spell: Call Imp
  2122 | D:3      | Reached XP level 4. HP: 16/30 MP: 0/8
  2329 | D:3      | Found an ancient bone altar of Kikubaaqudgha.
  2747 | D:3      | Reached XP level 5. HP: 32/35 MP: 4/10
  2917 | D:3      | Noticed a black bear
  2930 | D:3      | Reached skill level 7 in Summonings
  2962 | D:3      | Killed a black bear
  2963 | D:3      | Reached XP level 6. HP: 13/41 MP: 0/12
  3592 | D:4      | Reached skill level 8 in Summonings
  3926 | D:4      | Reached XP level 7. HP: 41/46 MP: 8/13
  3983 | D:4      | Found a shadowy altar of Dithmenos.
  4093 | D:4      | Noticed Grinder
  5164 | D:4      | Killed Grinder
  5165 | D:4      | Reached skill level 5 in Spellcasting
  5165 | D:4      | Reached skill level 9 in Summonings
  5299 | D:4      | Learned a level 4 spell: Summon Lightning Spire
  5511 | D:5      | Entered Level 5 of the Dungeon
  5618 | D:5      | Reached XP level 8. HP: 52/52 MP: 11/16
  5633 | D:5      | Reached skill level 10 in Summonings
  6136 | D:5      | Noticed Sigmund
  6145 | D:5      | Killed Sigmund
  6243 | D:5      | Reached skill level 11 in Summonings
  6487 | D:5      | Found a sacrificial altar of Ru.
  6769 | D:6      | Found a glowing drain.
  6806 | D:6      | Reached XP level 9. HP: 45/57 MP: 16/19
  6815 | Sewer    | Entered a sewer
  6931 | Sewer    | Reached skill level 12 in Summonings
  7712 | D:6      | Noticed Edmund
  7730 | D:6      | Killed Edmund
  7852 | D:6      | Noticed Blork the orc
  7863 | D:6      | Killed Blork the orc
  8075 | D:6      | Found a runed translucent door.
  8076 | D:6      | Noticed Crazy Yiuf
  8195 | D:6      | Found a basalt altar of Yredelemnul.
  8195 | D:6      | Found a bloodstained altar of Trog.
  8331 | D:6      | Reached skill level 13 in Summonings
  8584 | D:6      | Killed Crazy Yiuf
  8609 | D:7      | Found a staircase to the Ecumenical Temple.
  8778 | D:7      | Noticed Duvessa
  8781 | D:7      | Noticed Dowan
  8789 | D:7      | Killed Duvessa
  8791 | D:7      | Killed Dowan
  8805 | Temple   | Entered the Ecumenical Temple
  9277 | D:7      | Found a hide-covered altar of Uskayaw.
  9311 | D:7      | Found an iron altar of Okawaru.
  9311 | D:7      | Found a stormy altar of Qazlal.
  9315 | D:7      | Found a shimmering blue altar of Sif Muna.
  9441 | D:7      | Identified the +0 trident of Touvuprea {speed, *Rage rC+
                  | Str+8}
  9554 | D:8      | Noticed Joseph
  9634 | D:8      | Reached skill level 14 in Summonings
  9634 | D:8      | Reached XP level 10. HP: 61/63 MP: 15/22
  9681 | D:8      | Noticed Amaemon
  9682 | D:8      | Noticed an orange demon
  9706 | D:8      | Reached skill level 1 in Fighting
  9720 | D:8      | Killed Amaemon
  9733 | D:8      | Killed an orange demon
  9927 | D:8      | Killed Joseph
  9928 | D:8      | Reached skill level 5 in Fighting
 10036 | D:8      | Found a hazy altar of Hepliaklqana.
 10068 | D:8      | Became a worshipper of Hepliaklqana the Forgotten
 10126 | D:8      | Found a glowing silver altar of Zin.
 10566 | D:8      | Found a staircase to the Lair.
 11077 | D:9      | Reached skill level 5 in Dodging
 11379 | D:9      | Reached skill level 5 in Long Blades
 11381 | D:9      | Reached XP level 11. HP: 68/83 MP: 7/23
 12132 | D:9      | Found an opulent altar of Gozag.
 12294 | D:10     | Entered Level 10 of the Dungeon
 12294 | D:10     | Noticed a two-headed ogre
 13731 | Lair:1   | Entered Level 1 of the Lair of Beasts
 13752 | Lair:1   | Reached * piety under Hepliaklqana
 14460 | Lair:1   | Reached skill level 10 in Fighting
 14735 | Lair:1   | Noticed a boulder beetle
 14795 | Lair:1   | Killed a boulder beetle
 15544 | Lair:2   | Noticed a skyshark
 15553 | Lair:2   | Reached XP level 12. HP: 87/90 MP: 20/24
 15568 | Lair:2   | HP: 2/90 [skyshark (4)]
 15570 | Lair:2   | Slain by a skyshark

Illustrated notes

Levels and vault maps discovered:
D:1:      minmay_arrival_shoal_huts, layout_basic, serial_shops,
          nicolae_shop_peninsula
D:2:      layout_loops_corners
D:3:      layout_basic, kiku_gazebo_garden_becter, minmay_starry_boxes
D:4:      layout_rooms, nicolae_dithmenos_the_darkroom, serial_demonic,
          serial_demonic_g, serial_demonic_f, serial_demonic_e,
          serial_demonic_e, grunt_decor_arrowhead, uniq_grinder
D:5:      layout_loops_ring, general_overflow_altar, fountainhead,
          kennysheep_cross_bottleneck, uniq_sigmund
D:6:      layout_basic, gammafunk_temple_overflow_elements,
          gup_sewer_entry_glass, uniq_blork_the_orc, uniq_crazy_yiuf_cottage,
          uniq_edmund
D:7:      layout_rooms, minitemple, minmay_temple_entry_junction, uniq_duvessa
D:8:      layout_basic, kennysheep_mini, mainiacjoe_overflow_surrounded_room,
          hellmonk_lair_entry_icy, hangedman_abyss_or_decor_clamps,
          uniq_amaemon, uniq_joseph
D:9:      layout_roguey, nicolae_gozag_cash_rules_everything_around_me
D:10:     layout_cave_pools, erik_orc_4, kennysheep_generic_room_15
Temple:   hellmonk_temple_flake
Lair:1:   layout_small_grid, chequers_serial_rivers_micro_c
Lair:2:   layout_misc_corridors, minmay_holes, grunt_megastairs_2

Skill      XL: |  1  2  3  4  5  6  7  8  9 10 11 |
---------------+----------------------------------+-----
Summonings     | 5 6 7 8 9 11 14 | 14.0
Spellcasting   | 3 4 5 6 8 |  8.3
Fighting       | 7 11 | 11.0
Long Blades    | 5 7 |  7.7
Dodging        | 5 7 |  7.5
Stealth        | |  1.7

Action                     |  1- 3 |  4- 6 |  7- 9 | 10-12 || total
---------------------------+-------+-------+-------+-------++-------
  Melee: Unarmed           |    10 |       |       |       ||    10
         Hand axe          |   103 |     9 |       |       ||   112
         Punch             |     1 |       |       |     6 ||     7
         Dire flail        |       |       |    52 |    16 ||    68
         Long sword        |       |       |       |   173 ||   173
   Fire: Sling             |       |   117 |   187 |       ||   304
   Cast: Summon Small Mamm |    14 |     1 |    16 |     4 ||    35
         Call Canine Famil |     1 |    14 |    37 |    40 ||    92
         Call Imp          |     1 |     8 |    24 |     7 ||    40
         Summon Lightning  |       |       |     7 |    29 ||    36
Ability: Hop               |     1 |     1 |     1 |     7 ||    10
    Use: Scroll            |       |       |     7 |     5 ||    12
         Potion            |       |       |       |     2 ||     2
   Stab: Sleeping          |     6 |       |       |     1 ||     7
         Distracted        |     1 |       |       |     4 ||     5
 Armour: Robe              |    34 |    21 |    69 |    41 ||   165
  Dodge: Dodged            |    75 |    48 |   166 |   244 ||   533
